 Dungeon Crawl Stone Soup version 0.26-a0-652-gafc20e3620 (webtiles) character file.

Game seed: 12054920859605440214

663 DogServant the Fighter (level 7, -6/67 HPs)
             Began as a Gnoll Wanderer on Oct 3, 2020.
             Killed by nerve-wracking pain
             ... invoked by Grinder
              (14 damage)
             ... on level 5 of the Dungeon.
             The game lasted 00:09:40 (3784 turns).

DogServant the Fighter (Gnoll Wanderer)             Turns: 3784, Time: 00:09:41

Health: -6/67      AC:  7    Str: 16    XL:     7   Next: 56%
Magic:  10/10      EV: 14    Int: 15    God:
Gold:   170        SH:  0    Dex: 14    Spells: 6/11 levels left

rFire    . . .     SeeInvis .   a - +2 quarterstaff
rCold    . . .     Faith    .   (shield currently unavailable)
rNeg     . . .     Spirit   .   e - +0 robe
rPois    .         Reflect  .   (no helmet)
rElec    .         Harm     .   B - +1 cloak
rCorr    .         Rampage  .   (no gloves)
MR       .....                  s - +2 pair of boots
Stlth    ++........             (no amulet)
HPRegen  0.21/turn              (no ring)
MPRegen  0.12/turn              (no ring)

@: about to teleport, berserk cooldown, hasted and slowed
A: distributed training, fangs 1, strong nose
a: no special abilities


You were on level 5 of the Dungeon.
You visited 1 branch of the dungeon, and saw 5 of its levels.

You collected 170 gold pieces.

Inventory:

Hand Weapons
 a - a +2 quarterstaff (weapon)
 m - a +5 whip of electrocution
 D - the +5 hunting sling "Manulloh" {freeze, rC+ rN+}
   (You found it on level 4 of the Dungeon)

   It causes projectiles fired from it to freeze those they strike, causing
   extra injury to most foes and up to half again as much damage against
   particularly susceptible opponents.
   They can also slow down cold-blooded creatures.
   It protects you from cold.
   It protects you from negative energy.
Missiles
 c - 33 poisoned darts (quivered)
 g - 44 sling bullets
 w - 123 stones
Armour
 e - a +0 robe (worn)
 s - a +2 pair of boots (worn)
 B - a +1 cloak (worn)
Jewellery
 E - a +4 ring of evasion {unknown}
 G - an uncursed ring of poison resistance {unknown}
Wands
 o - a wand of random effects (8)
Scrolls
 d - a scroll of identify
 f - a scroll of remove curse
 p - 2 scrolls of enchant weapon
 q - 2 scrolls of fog
 x - a scroll of immolation {unknown}
 y - a scroll of magic mapping {unknown}
 A - a scroll of noise {unknown}
 I - 2 scrolls of enchant armour {unknown}
Potions
 k - 3 potions of stabbing
 l - a potion of haste
 r - 3 potions of mutation
 u - a potion of invisibility {unknown}
 C - a potion of lignification {unknown}
 F - 2 potions of might {unknown}


   Skills:
 + Level 10.6 Fighting
 + Level 2.5 Short Blades
 + Level 2.5 Long Blades
 + Level 2.5 Axes
 + Level 2.5 Maces & Flails
 + Level 2.5 Polearms
 + Level 3.7 Staves
 + Level 2.5 Slings
 + Level 2.5 Bows
 + Level 2.5 Crossbows
 + Level 3.7 Throwing
 + Level 2.5 Armour
 + Level 3.7 Dodging
 + Level 3.5 Stealth
 + Level 3.7 Shields
 + Level 2.5 Unarmed Combat
 + Level 2.5 Spellcasting
 + Level 2.1 Conjurations
 + Level 2.1 Hexes
 + Level 2.1 Summonings
 + Level 2.1 Necromancy
 + Level 2.1 Translocations
 + Level 2.1 Transmutations
 + Level 2.1 Fire Magic
 + Level 2.1 Ice Magic
 + Level 2.1 Air Magic
 + Level 2.1 Earth Magic
 + Level 2.1 Poison Magic
 + Level 2.8 Invocations
 + Level 2.5 Evocations


You had 6 spell levels left.
You knew the following spells:

 Your Spells              Type           Power        Failure   Level
a - Magic Dart            Conj           #...         9%          1
b - Call Imp              Summ           #.......     13%         2
c - Blink                 Tloc           N/A          13%         2

Your spell library contained the following spells:

 Spells                   Type           Power        Failure   Level
 Slow                     Hex            #.......     13%         2
 Conjure Flame            Conj/Fire      #.......     26%         3
 Mephitic Cloud           Conj/Pois/Air  #.......     26%         3


Dungeon Overview and Level Annotations

Branches:
Dungeon (5/15)
 Temple: D:4-7

Altars:

Shops:
D:4 [   D:5 (

Annotations:
D:5 Grinder


Innate Abilities, Weirdness & Mutations

Your experience applies equally to all skills.
You have very sharp teeth.
Your uncanny sense of smell can sniff out nearby items.


Message History

You thump Grinder! Your bite misses Grinder.
Grinder is moderately wounded.
Grinder hits you but does no damage.
You barely miss Grinder.
Grinder is moderately wounded.
Grinder blinks!
You now have 170 gold pieces (gained 12).
Things that are here:
4 atropa-tipped darts; 2 javelins You feel yourself speed up.
Grinder gestures at you.
You struggle to resist.
Grinder gestures at you. Pain shoots through your body!
* * * LOW HITPOINT WARNING * * *
As you read the scroll of teleportation, it crumbles to dust.
You feel strangely unstable. Grinder gestures at you.
Pain shoots through your body!
You die...

#.# #.####.##....#
####.# #............#
#....###..#..........
##......)((((####.....
.........#..#..........
###.####.#.......##...
#. #.#.#####5# #. #.#.#
#.# #.# ##.#.# #@#
#..##....#####.# ∆
##.#..#.........
##.#....######.#.
##....#.###.)...#.#
#...........###<# #
........#.#..# #.#∆
##.........>#.##.#
##....#...###.#


You could see Grinder.

Vanquished Creatures
  A centaur zombie (D:5)
  2 orc priests
  A jelly (D:5)
  3 hounds (D:4)
  A bullfrog skeleton (D:4)
  A centaur skeleton (D:4)
  Jessica (D:2)
  4 worker ants
  Robin (D:4)
  A howler monkey skeleton (D:4)
  3 gnolls (D:4)
  4 adders
  A white imp (D:5)
  2 oozes
  An adder skeleton (D:5)
  3 worms
  6 leopard geckos
  18 orcs
  6 bats
  6 giant cockroaches
  18 goblins
  11 hobgoblins
  11 jackals
  5 kobolds
  3 ball pythons
  6 frilled lizards
  A quokka skeleton (D:5)
  5 rats
126 creatures vanquished.

Vanquished Creatures (others)
  An orc wizard (D:5)
1 creature vanquished.

Grand Total: 127 creatures vanquished

Notes
Turn   | Place    | Note
-------+----------+-------------------------------------------
     0 | D:1      | Reached skill level 10 in Fighting
     0 | D:1      | DogServant the Gnoll Wanderer began the quest for the Orb.
     0 | D:1      | DogServant set off with the following items: a +2
                  | quarterstaff, a scroll of teleportation, 8 poisoned darts,
                  | a +0 dagger, a +0 robe
     0 | D:1      | Reached XP level 1. HP: 28/28 MP: 1/1
    26 | D:1      | Reached XP level 2. HP: 31/36 MP: 2/2
   560 | D:1      | Reached XP level 3. HP: 42/42 MP: 3/3
   928 | D:2      | Reached skill level 1 in Invocations
   956 | D:2      | Noticed Jessica
   961 | D:2      | Killed Jessica
   961 | D:2      | Reached skill level 1 in Short Blades
   961 | D:2      | Reached skill level 1 in Long Blades
   961 | D:2      | Reached skill level 1 in Axes
   961 | D:2      | Reached skill level 1 in Maces & Flails
   961 | D:2      | Reached skill level 1 in Polearms
   961 | D:2      | Reached skill level 1 in Slings
   961 | D:2      | Reached skill level 1 in Bows
   961 | D:2      | Reached skill level 1 in Crossbows
   961 | D:2      | Reached skill level 1 in Armour
   961 | D:2      | Reached skill level 1 in Unarmed Combat
   961 | D:2      | Reached skill level 1 in Spellcasting
   961 | D:2      | Reached skill level 1 in Evocations
   961 | D:2      | Reached XP level 4. HP: 46/48 MP: 5/5
  1228 | D:2      | Reached skill level 1 in Conjurations
  1228 | D:2      | Reached skill level 1 in Hexes
  1228 | D:2      | Reached skill level 1 in Summonings
  1228 | D:2      | Reached skill level 1 in Necromancy
  1228 | D:2      | Reached skill level 1 in Translocations
  1228 | D:2      | Reached skill level 1 in Transmutations
  1228 | D:2      | Reached skill level 1 in Fire Magic
  1228 | D:2      | Reached skill level 1 in Ice Magic
  1228 | D:2      | Reached skill level 1 in Air Magic
  1228 | D:2      | Reached skill level 1 in Earth Magic
  1228 | D:2      | Reached skill level 1 in Poison Magic
  1585 | D:3      | Reached XP level 5. HP: 50/54 MP: 6/6
  1617 | D:3      | Learned a level 1 spell: Magic Dart
  1620 | D:3      | Learned a level 2 spell: Call Imp
  1624 | D:3      | Learned a level 2 spell: Blink
  2296 | D:4      | Reached XP level 6. HP: 53/61 MP: 8/8
  2325 | D:4      | Got a masterwork hunting sling
  2326 | D:4      | Identified the +5 hunting sling "Manulloh" {freeze, rC+
                  | rN+} (You found it on level 4 of the Dungeon)
  2764 | D:4      | Found Bowi Cin's Antique Armour Shop.
  2886 | D:4      | Noticed Robin
  2892 | D:4      | Killed Robin
  2902 | D:4      | Reached XP level 7. HP: 64/67 MP: 10/10
  3527 | D:5      | Entered Level 5 of the Dungeon
  3536 | D:5      | Found Dafadyjo's Antique Weapon Shop.
  3616 | D:5      | Noticed Grinder
  3749 | D:5      | Paralysed by Grinder for 4 turns
  3760 | D:5      | Paralysed by Grinder for 7 turns
  3784 | D:5      | Killed from afar by Grinder

Illustrated notes

Levels and vault maps discovered:
D:1:      shiori_arrival_oz, layout_basic
D:2:      layout_basic, uniq_jessica
D:3:      layout_rooms, st_stairs_7, grunt_decor_mini_mirrors
D:4:      layout_layer_cave, serial_shops, kennysheep_mini_moat, uniq_robin
D:5:      layout_loops_ring, serial_shops, kennysheep_little_box,
          fedhas_altar_fruit_tree, uniq_eustachio, uniq_grinder

Skill      XL: |  1  2  3  4  5  6  7 |
---------------+----------------------+-----
Fighting       | | 10.6
Invocations    | 1 2 |  2.8
Short Blades   | 1 2 |  2.5
Long Blades    | 1 2 |  2.5
Axes           | 1 2 |  2.5
Maces & Flails | 1 2 |  2.5
Polearms       | 1 2 |  2.5
Slings         | 1 2 |  2.5
Bows           | 1 2 |  2.5
Crossbows      | 1 2 |  2.5
Armour         | 1 2 |  2.5
Unarmed Combat | 1 2 |  2.5
Spellcasting   | 1 2 |  2.5
Evocations     | 1 2 |  2.5
Conjurations   | 1 2 |  2.1
Hexes          | 1 2 |  2.1
Summonings     | 1 2 |  2.1
Necromancy     | 1 2 |  2.1
Translocations | 1 2 |  2.1
Transmutations | 1 2 |  2.1
Fire Magic     | 1 2 |  2.1
Ice Magic      | 1 2 |  2.1
Air Magic      | 1 2 |  2.1
Earth Magic    | 1 2 |  2.1
Poison Magic   | 1 2 |  2.1
Staves         | 3 |  3.7
Throwing       | 3 |  3.7
Dodging        | 3 |  3.7
Shields        | 3 |  3.7
Stealth        | 3 |  3.5

Action                   |  1- 3 |  4- 6 |  7- 9 || total
-------------------------+-------+-------+-------++-------
Melee: Quarterstaff      |    78 |   103 |    36 ||   217
       Bite              |     7 |     4 |     5 ||    16
 Fire: Hunting sling     |       |    36 |    25 ||    61
Throw: Javelin           |     6 |    15 |     3 ||    24
       Dart              |     1 |     9 |     8 ||    18
  Use: Potion            |       |     3 |     3 ||     6
       Scroll            |       |       |    10 ||    10
 Stab: Sleeping          |     3 |     7 |     1 ||    11
Armor: Robe              |    20 |    34 |    18 ||    72
Dodge: Dodged            |    73 |   112 |    22 ||   207

Table legend: (Time is in decaauts)
 A = Elapsed time spent in this place.
 B = Non-inter-level travel time spent in this place.
 C = Inter-level travel time spent in this place.
 D = Time resting spent in this place.
 E = Time spent auto-exploring this place.
 F = Levels seen in this place.
 G = Mean time per level.
                   A        B        C        D        E       F      G
               +--------+--------+--------+--------+--------+-----+--------+
         Total |   3831 |   3571 |    260 |    340 |   2445 |   5 |  766.2 |
       Dungeon |   3831 |   3571 |    260 |    340 |   2445 |   5 |  766.2 |
               +--------+--------+--------+--------+--------+-----+--------+

Top non-repeatable levels by time:
     D:4: 1256 daAuts
     D:1: 831 daAuts
     D:2: 761 daAuts
     D:3: 718 daAuts
     D:5: 262 daAuts
